 Dungeon Crawl Stone Soup version 0.22.1-1-ga44c0e5 (webtiles) character file.

102 Iscandelvey the Bolt Thrower (level 4, 0/34 HPs)
             Began as a Demigod Arcane Marksman on Oct 23, 2018.
             Slain by a worker ant (6 damage)
             ... on level 4 of the Dungeon.
             The game lasted 00:09:03 (3993 turns).

Iscandelvey the Bolt Thrower (DgAM)                 Turns: 3993, Time: 00:09:04

Health: 0/34       AC:  6    Str: 13    XL:     4   Next: 25%
Magic:  8/8        EV: 10    Int: 19    God:
Gold:   224        SH:  0    Dex: 16    Spells: 4/5 levels left

rFire    . . .     SeeInvis .   h - +0 dagger (holy)
rCold    . . .     Gourm    .   (no shield)
rNeg     . . .     Faith    .   n - +0 scale mail (curse)
rPois    .         Spirit   .   (no helmet)
rElec    .         Reflect  .   (no cloak)
rCorr    .         Harm     .   (no gloves)
MR       .....                  (no boots)
Stlth    ..........             (no amulet)
HPRegen  0.11/turn              (no ring)
MPRegen  0.11/turn              (no ring)

@: lethally poisoned (0 -> -16)
A: high mp 1
a: no special abilities


You were on level 4 of the Dungeon.
You were not hungry.

You visited 1 branch of the dungeon, and saw 4 of its levels.

You collected 224 gold pieces.

Inventory:

Hand Weapons
 a - a +0 hand crossbow
 h - a +0 dagger of holy wrath (weapon)
Missiles
 b - 64 stones (quivered)
 d - 15 bolts
Armour
 e - a +0 robe
 n - a cursed +0 scale mail (worn)
Scrolls
 c - 2 scrolls of identify {unknown}
 j - a scroll of random uselessness {unknown}
 k - a scroll of immolation {unknown}
 l - a scroll of magic mapping {unknown}
 m - a scroll of enchant weapon {unknown}
Potions
 g - a potion of degeneration {unknown}
 o - 2 potions of curing {unknown}
Comestibles
 f - 8 rations
 i - a chunk of flesh


   Skills:
 - Level 0.8 Fighting
 * Level 3.4 Crossbows
 + Level 2.5 Dodging
 + Level 0.7 Stealth
 + Level 1.1 Spellcasting
 + Level 3.0 Hexes


You had 4 spell levels left.
You knew the following spells:

 Your Spells              Type           Power        Failure   Level  Hunger
a - Corona                Hex            ##.....      26%         1    ##.....

Your spell library contained the following spells:

 Spells                   Type           Power        Failure   Level  Hunger
 Slow                     Hex            ##......     38%         2    ###....
 Inner Flame              Hex/Fire       #.......     83%         3    ####...
 Portal Projectile        Hex/Tloc       #.....       83%         3    ####...
 Cause Fear               Hex            ##........   95%         4    #####..
 Leda's Liquefaction      Hex/Erth       #.........   99%         4    #####..


Dungeon Overview and Level Annotations

Branches:
Dungeon (4/15)
 Temple: D:4-7

Shops:
D:4 (


Innate Abilities, Weirdness & Mutations

You have an increased reservoir of magic. (+10% MP)


Message History

The adder is severely wounded.
You feel sick. The worker ant closely misses you. The adder bites you.
You open the door. The worker ant misses you. The adder bites you.
The adder completely misses you. The worker ant bites you.
* * * LOW HITPOINT WARNING * * *
You are lethally poisoned!
The worker ant poisons you! The adder bites you but does no damage.
There is an open door here.
* * * LOW HITPOINT WARNING * * *
You feel sick.
* * * LOW HITPOINT WARNING * * *
You feel sick.
* * * LOW HITPOINT WARNING * * *
You feel sick.
There is a stone staircase leading up here.
The worker ant bites you.
* * * LOW HITPOINT WARNING * * *
You are more poisoned.
The worker ant poisons you! The worker ant bites you.
You die...

...........
#.............
#.............
#.............
#.............
#...##...#....
####............
#..⌠.⌠..@...#
#...∩..Sa...#
#..⌠.⌠......#
#....#'###..#
#........#.....
#...........#...
#..........##...
#..........# ..
#..........#


You could see a worker ant and an adder.

Vanquished Creatures
  3 adders (D:2)
  A worm (D:3)
  A dart slug (D:2)
  A leopard gecko (D:3)
  An orc (D:3)
  3 ball pythons
  7 bats
  4 giant cockroaches
  9 goblins
  4 hobgoblins
  7 jackals (D:2)
  3 quokkas
  2 frilled lizards (D:1)
  7 kobolds
  8 rats
61 creatures vanquished.

Notes
Turn   | Place    | Note
-------+----------+-------------------------------------------
     0 | D:1      | Iscandelvey the Demigod Arcane Marksman began the quest for
                  | the Orb.
     0 | D:1      | Reached XP level 1. HP: 15/15 MP: 4/4
   470 | D:1      | Reached XP level 2. HP: 22/22 MP: 5/5
  1384 | D:2      | Reached XP level 3. HP: 5/27 MP: 7/7
  2865 | D:3      | Reached XP level 4. HP: 12/34 MP: 8/8
  3161 | D:3      | Found an ornate altar of the Wu Jian Council.
  3969 | D:4      | Found Deiceam's Antique Weapon Shoppe.
  3993 | D:4      | Slain by a worker ant

Skill      XL: |  1  2  3 |
---------------+----------+-----
Crossbows      | 2 3 |  3.4
Hexes          | 3 |  3.0
Dodging        | 2 |  2.5
Fighting       | |  0.8
Stealth        | |  0.7
Spellcasting   | |  1.1

Action                   |  1- 3 |  4- 6 || total
-------------------------+-------+-------++-------
Melee: Dagger            |   205 |    78 ||   283
 Fire: Hand crossbow     |    48 |     6 ||    54
 Cast: Corona            |     5 |     2 ||     7
 Stab: Sleeping          |     3 |       ||     3
  Eat: Chunk             |     6 |     4 ||    10
Armor: Robe              |    57 |     6 ||    63
       Scale mail        |       |    15 ||    15
Dodge: Dodged            |   208 |    49 ||   257
